TOP OF THE 1ST |
Fort Wayne TinCaps batting - Pitching for Hagerstown Suns : LHP Kyle Bachman
|
Pitching: LHP Kyle Bachman
|
|
Batting: SHB Adam Martin
|
0-0: Foul Ball, location: 2F 0-1: Ball 1-1: Ground out 6-3 (Groundball, 6, EV 88.1 MPH)
|
Batting: RHB Juan Martinez
|
0-0: Ball 1-0: Called Strike 1-1: Ball 2-1: Fly out, F4 (Popup, 4D, EV 48.1 MPH)
|
Batting: SHB Josh Parker
|
0-0: Called Strike 0-1: Foul Ball, location: 2F 0-2: Fly out, F8 (Flyball, 8RD, EV 105.0 MPH)
|
Top of the 1st over - 0 runs, 0 hits, 0 errors, 0 left on base; Fort Wayne 0 - Hagerstown 0 |
BOTTOM OF THE 1ST |
Hagerstown Suns batting - Pitching for Fort Wayne TinCaps : RHP Bill Jacobs
|
Pitching: RHP Bill Jacobs
|
|
Batting: RHB Pat Drader
|
0-0: Ball 1-0: Foul Ball, location: 2F 1-1: Fly out, F9 (Flyball, 89D, EV 103.1 MPH)
|
Batting: RHB John McNeill
|
0-0: Called Strike 0-1: Ball 1-1: Called Strike 1-2: Ball 2-2: Ball 3-2: Ground out 4-3 (Groundball, 4, EV 86.3 MPH)
|
Batting: RHB Kevin Wick
|
0-0: Called Strike 0-1: Called Strike 0-2: Ball 1-2: SINGLE (Line Drive, 7LS, EV 91.9 MPH)
|
Batting: RHB Jim Towle
|
0-0: Ball 1-0: Swinging Strike 1-1: Ball 2-1: Called Strike 2-2: Ball 3-2: Ground out 4-3 (Groundball, 4, EV 81.9 MPH)
|
Bottom of the 1st over - 0 runs, 1 hit, 0 errors, 1 left on base; Fort Wayne 0 - Hagerstown 0 |
TOP OF THE 2ND |
Fort Wayne TinCaps batting - Pitching for Hagerstown Suns : LHP Kyle Bachman
|
Batting: RHB Davey Verhoog
|
0-0: Called Strike 0-1: Ball 1-1: Swinging Strike 1-2: Foul Ball, location: 2F 1-2: Strikes out swinging
|
Batting: RHB Mike Maserang
|
0-0: Foul Ball, location: 2F 0-1: Foul Ball, location: 2F 0-2: Ball 1-2: Ball 2-2: Ball 3-2: Base on Balls
|
Batting: LHB Angel Mejia
|
0-0: Called Strike 0-1: Ball 1-1: Fly out, F5 (Popup, 25, EV 83.8 MPH)
|
Batting: RHB Rich Justice
|
0-0: Called Strike 0-1: Foul Ball, location: 2F 0-2: SINGLE (Groundball, 56S, EV 68.1 MPH) (infield hit) Mike Maserang to second
|
Batting: LHB Mike Schermerhorn
|
0-0: Ball 1-0: Foul Ball, location: 2F 1-1: Called Strike 1-2: Strikes out swinging
|
Top of the 2nd over - 0 runs, 1 hit, 0 errors, 2 left on base; Fort Wayne 0 - Hagerstown 0 |
BOTTOM OF THE 2ND |
Hagerstown Suns batting - Pitching for Fort Wayne TinCaps : RHP Bill Jacobs
|
Batting: LHB Yoshiya Kurokawa
|
0-0: Called Strike 0-1: Ball 1-1: Swinging Strike 1-2: Strikes out swinging
|
Batting: RHB Felix Torres
|
0-0: Called Strike 0-1: Ball 1-1: Ball 2-1: Foul Ball, location: 2F 2-2: SINGLE (Groundball, 34D, EV 94.4 MPH)
|
Batting: RHB Justin Slifka
|
0-0: Called Strike 0-1: Called Strike 0-2: Strikes out swinging
|
Batting: RHB Scott Skoglund
|
0-0: Called Strike Felix Torres steals 2nd base 0-1: Ball 1-1: Ball 2-1: Foul Ball, location: 2F 2-2: Ground out 1-3 (Groundball, 13S, EV 70.6 MPH)
|
Bottom of the 2nd over - 0 runs, 1 hit, 0 errors, 1 left on base; Fort Wayne 0 - Hagerstown 0 |
TOP OF THE 3RD |
Fort Wayne TinCaps batting - Pitching for Hagerstown Suns : LHP Kyle Bachman
|
Batting: RHB Brian Burd
|
0-0: Ball 1-0: Ball 2-0: Called Strike 2-1: Swinging Strike 2-2: Foul Ball, location: 2F 2-2: Ball 3-2: Strikes out swinging
|
Batting: SHB Adam Martin
|
0-0: Fly out, F8 (Line Drive, 8LD, EV 88.1 MPH)
|
Batting: RHB Juan Martinez
|
0-0: Called Strike 0-1: Ball 1-1: SINGLE (Line Drive, 6D, EV 96.3 MPH)
|
Batting: SHB Josh Parker
|
0-0: Ball Juan Martinez steals 2nd base 1-0: Ground out 6-3 (Groundball, 6MS, EV 69.4 MPH)
|
Top of the 3rd over - 0 runs, 1 hit, 0 errors, 1 left on base; Fort Wayne 0 - Hagerstown 0 |
BOTTOM OF THE 3RD |
Hagerstown Suns batting - Pitching for Fort Wayne TinCaps : RHP Bill Jacobs
|
Batting: RHB Joe Klein
|
0-0: Ball 1-0: Ball 2-0: Foul Ball, location: 2F 2-1: Ground out 5-3 (Groundball, 56, EV 105.6 MPH)
|
Batting: RHB Pat Drader
|
0-0: Ball 1-0: Called Strike 1-1: Ground out 6-3 (Groundball, 6, EV 83.1 MPH)
|
Batting: RHB John McNeill
|
0-0: Ball 1-0: Swinging Strike 1-1: DOUBLE (Groundball, 5L, EV 109.4 MPH)
|
Batting: RHB Kevin Wick
|
0-0: Ball 1-0: Fly out, F4 (Popup, 23, EV 91.3 MPH)
|
Bottom of the 3rd over - 0 runs, 1 hit, 0 errors, 1 left on base; Fort Wayne 0 - Hagerstown 0 |
TOP OF THE 4TH |
Fort Wayne TinCaps batting - Pitching for Hagerstown Suns : LHP Kyle Bachman
|
Batting: RHB Davey Verhoog
|
0-0: SOLO HOME RUN (Flyball, 9D, EV 95.0 MPH), Distance : 363 ft
|
Batting: RHB Mike Maserang
|
0-0: Ground out 6-3 (Groundball, 6, EV 86.9 MPH)
|
Batting: LHB Angel Mejia
|
0-0: Called Strike 0-1: Swinging Strike 0-2: Ball 1-2: Ball 2-2: Ground out U3 (Groundball, 3S, EV 68.8 MPH)
|
Batting: RHB Rich Justice
|
0-0: Swinging Strike 0-1: Swinging Strike 0-2: Strikes out swinging
|
Top of the 4th over - 1 run, 1 hit, 0 errors, 0 left on base; Fort Wayne 1 - Hagerstown 0 |
BOTTOM OF THE 4TH |
Hagerstown Suns batting - Pitching for Fort Wayne TinCaps : RHP Bill Jacobs
|
Batting: RHB Jim Towle
|
0-0: Ball 1-0: Foul Ball, location: 2F 1-1: Ball 2-1: Foul Ball, location: 2F 2-2: Foul Ball, location: 2F 2-2: Ground out 5-3 (Groundball, 56, EV 83.1 MPH)
|
Batting: LHB Yoshiya Kurokawa
|
0-0: Fly out, F7 (Flyball, 7LM, EV 84.4 MPH)
|
Batting: RHB Felix Torres
|
0-0: Ball 1-0: Foul Ball, location: 2F 1-1: Called Strike 1-2: Foul Ball, location: 2F 1-2: Ground out 4-3 (Groundball, 6M, EV 90.0 MPH)
|
Bottom of the 4th over - 0 runs, 0 hits, 0 errors, 0 left on base; Fort Wayne 1 - Hagerstown 0 |
TOP OF THE 5TH |
Fort Wayne TinCaps batting - Pitching for Hagerstown Suns : LHP Kyle Bachman
|
Batting: LHB Mike Schermerhorn
|
0-0: Called Strike 0-1: Swinging Strike 0-2: Ground out 6-3 (Groundball, 4M, EV 98.8 MPH)
|
Batting: RHB Brian Burd
|
0-0: Ball 1-0: DOUBLE (Groundball, 5L, EV 105.6 MPH)
|
Batting: SHB Adam Martin
|
0-0: Ball Passed Ball! Brian Burd to third 1-0: Ball 2-0: Foul Ball, location: 2F 2-1: Swinging Strike 2-2: Ground out 3-1 (Groundball, 34, EV 82.5 MPH) Brian Burd scores
|
Batting: RHB Juan Martinez
|
0-0: Ball 1-0: Ball 2-0: Foul Ball, location: 2F 2-1: Swinging Strike 2-2: Ground out 6-3 (Groundball, 6S, EV 86.3 MPH)
|
Top of the 5th over - 1 run, 1 hit, 0 errors, 0 left on base; Fort Wayne 2 - Hagerstown 0 |
BOTTOM OF THE 5TH |
Hagerstown Suns batting - Pitching for Fort Wayne TinCaps : RHP Bill Jacobs
|
Batting: RHB Justin Slifka
|
0-0: Ball 1-0: Ball 2-0: Called Strike 2-1: Called Strike 2-2: Ground out 6-3 (Groundball, 6, EV 81.9 MPH)
|
Batting: RHB Scott Skoglund
|
0-0: Swinging Strike 0-1: Ball 1-1: Foul Ball, location: 2F 1-2: Ball 2-2: Strikes out swinging
|
Batting: RHB Joe Klein
|
0-0: Ball 1-0: Foul Ball, location: 2F 1-1: Called Strike 1-2: Ground out 5-3 (Groundball, 56, EV 90.0 MPH)
|
Bottom of the 5th over - 0 runs, 0 hits, 0 errors, 0 left on base; Fort Wayne 2 - Hagerstown 0 |
TOP OF THE 6TH |
Fort Wayne TinCaps batting - Pitching for Hagerstown Suns : LHP Kyle Bachman
|
Batting: SHB Josh Parker
|
0-0: Ball 1-0: Fly out, F7 (Line Drive, 7, EV 93.1 MPH)
|
Batting: RHB Davey Verhoog
|
0-0: Ball 1-0: Ground out 5-3 (Groundball, 56, EV 103.8 MPH)
|
Batting: RHB Mike Maserang
|
0-0: Foul Ball, location: 2F 0-1: Called Strike 0-2: Reached on error, E6 (Groundball, P, EV 76.9 MPH)
|
Batting: LHB Angel Mejia
|
0-0: Called Strike 0-1: Foul Ball, location: 2F 0-2: Ball 1-2: Ball 2-2: Ground out U3 (Groundball, 34, EV 97.5 MPH)
|
Top of the 6th over - 0 runs, 0 hits, 1 error, 1 left on base; Fort Wayne 2 - Hagerstown 0 |
BOTTOM OF THE 6TH |
Hagerstown Suns batting - Pitching for Fort Wayne TinCaps : RHP Bill Jacobs
|
Batting: RHB Pat Drader
|
0-0: Ball 1-0: Foul Ball, location: 2F 1-1: Called Strike 1-2: Strikes out swinging
|
Batting: RHB John McNeill
|
0-0: Ball 1-0: Ball 2-0: Ball 3-0: Called Strike 3-1: Called Strike 3-2: Ground out 6-3 (Groundball, 6M, EV 84.4 MPH)
|
Batting: RHB Kevin Wick
|
0-0: Ball 1-0: Foul Ball, location: 2F 1-1: Fly out, F7 (Line Drive, 7, EV 85.6 MPH)
|
Bottom of the 6th over - 0 runs, 0 hits, 0 errors, 0 left on base; Fort Wayne 2 - Hagerstown 0 |
TOP OF THE 7TH |
Fort Wayne TinCaps batting - Pitching for Hagerstown Suns : LHP Kyle Bachman
|
Batting: RHB Rich Justice
|
0-0: Ball 1-0: Ball 2-0: Ball 3-0: Base on Balls
|
Pitching: RHP Gilberto Ricalde
|
|
Batting: LHB Mike Schermerhorn
|
0-0: Called Strike 0-1: Grounds into double play, U6-3 (Groundball, 4M, EV 97.5 MPH)
|
Batting: RHB Brian Burd
|
0-0: Ball 1-0: Ball 2-0: Swinging Strike 2-1: Ball 3-1: Foul Ball, location: 2F 3-2: Base on Balls
|
Batting: SHB Adam Martin
|
0-0: Ball Brian Burd steals 2nd base 1-0: Called Strike 1-1: Ball 2-1: Ball 3-1: Base on Balls
|
Batting: RHB Juan Martinez
|
0-0: Foul Ball, location: 2F 0-1: Foul Ball, location: 2F 0-2: Foul Ball, location: 2F 0-2: Ball 1-2: Strikes out swinging
|
Top of the 7th over - 0 runs, 0 hits, 0 errors, 2 left on base; Fort Wayne 2 - Hagerstown 0 |
BOTTOM OF THE 7TH |
Hagerstown Suns batting - Pitching for Fort Wayne TinCaps : RHP Bill Jacobs
|
Pitching: RHP Roger Brennan
|
|
Batting: RHB Jim Towle
|
0-0: Ball 1-0: Ball 2-0: Called Strike 2-1: SOLO HOME RUN (Flyball, 7D, EV 103.8 MPH), Distance : 377 ft
|
Batting: LHB Yoshiya Kurokawa
|
0-0: Ball 1-0: Called Strike 1-1: SINGLE (Line Drive, 34, EV 96.9 MPH)
|
Batting: RHB Felix Torres
|
0-0: Bunted foul 0-1: Bunted foul 0-2: Fly out, F9 (Line Drive, 9, EV 89.4 MPH)
|
Batting: RHB Justin Slifka
|
0-0: Fly out, F8 (Flyball, 8LD, EV 78.8 MPH)
|
Pinch Hitting: SHB Kyle Larson
|
0-0: Called Strike 0-1: Ball 1-1: Ground out 4-3 (Groundball, 4, EV 76.3 MPH)
|
Bottom of the 7th over - 1 run, 2 hits, 0 errors, 1 left on base; Fort Wayne 2 - Hagerstown 1 |
TOP OF THE 8TH |
Fort Wayne TinCaps batting - Pitching for Hagerstown Suns : RHP Gilberto Ricalde
|
Now in LF: John McNeill
|
|
Now in CF: Kyle Larson
|
|
Batting: SHB Josh Parker
|
0-0: Foul Ball, location: 2F 0-1: Fly out, F4 (Flyball, 4MD, EV 71.9 MPH)
|
Batting: RHB Davey Verhoog
|
0-0: Called Strike 0-1: Called Strike 0-2: Strikes out swinging
|
Batting: RHB Mike Maserang
|
0-0: Ground out 6-3 (Groundball, 6, EV 111.9 MPH)
|
Top of the 8th over - 0 runs, 0 hits, 0 errors, 0 left on base; Fort Wayne 2 - Hagerstown 1 |
BOTTOM OF THE 8TH |
Hagerstown Suns batting - Pitching for Fort Wayne TinCaps : RHP Roger Brennan
|
Batting: RHB Joe Klein
|
0-0: Foul Ball, location: 2F 0-1: Swinging Strike 0-2: Strikes out swinging
|
Batting: RHB Pat Drader
|
0-0: Ball 1-0: Ball 2-0: Called Strike 2-1: Foul Ball, location: 2F 2-2: Ball 3-2: Ground out 4-3 (Groundball, 4, EV 100.0 MPH)
|
Batting: RHB John McNeill
|
0-0: SINGLE (Groundball, 6MD, EV 100.6 MPH)
|
Batting: RHB Kevin Wick
|
0-0: Foul Ball, location: 2F 0-1: Ball 1-1: Ball 2-1: DOUBLE (Line Drive, 7LS, EV 104.4 MPH) John McNeill to third Runner from 3rd tries for Home, SAFE, throw by LF to home
|
Batting: RHB Jim Towle
|
0-0: Called Strike 0-1: Ground out 4-3 (Groundball, 4, EV 106.9 MPH)
|
Bottom of the 8th over - 1 run, 2 hits, 0 errors, 1 left on base; Fort Wayne 2 - Hagerstown 2 |
TOP OF THE 9TH |
Fort Wayne TinCaps batting - Pitching for Hagerstown Suns : RHP Gilberto Ricalde
|
Pitching: RHP Brent Wainwright
|
|
Batting: LHB Angel Mejia
|
0-0: Called Strike 0-1: Ground out 6-3 (Groundball, 6, EV 92.5 MPH)
|
Batting: LHB James Sousa
|
0-0: Swinging Strike 0-1: Ball 1-1: Ball 2-1: Swinging Strike 2-2: Foul Ball, location: 2F 2-2: Ball 3-2: Foul Ball, location: 2F 3-2: Fly out, F7 (Flyball, 7, EV 96.3 MPH)
|
Batting: LHB Mike Schermerhorn
|
0-0: Called Strike 0-1: Ball 1-1: Swinging Strike 1-2: Strikes out looking
|
Top of the 9th over - 0 runs, 0 hits, 0 errors, 0 left on base; Fort Wayne 2 - Hagerstown 2 |
BOTTOM OF THE 9TH |
Hagerstown Suns batting - Pitching for Fort Wayne TinCaps : RHP Roger Brennan
|
Pitching: RHP Arturo Diaz
|
|
Batting: LHB Yoshiya Kurokawa
|
0-0: Called Strike 0-1: Called Strike 0-2: Ground out 4-3 (Groundball, 4M, EV 85.6 MPH)
|
Batting: RHB Felix Torres
|
0-0: Ball 1-0: Ball 2-0: Ground out 5-3 (Groundball, 5S, EV 87.5 MPH)
|
Batting: RHB Justin Slifka
|
0-0: Ball 1-0: Ball 2-0: Fly out, F6 (Line Drive, 6, EV 71.9 MPH)
|
Bottom of the 9th over - 0 runs, 0 hits, 0 errors, 0 left on base; Fort Wayne 2 - Hagerstown 2 |
TOP OF THE 10TH |
Fort Wayne TinCaps batting - Pitching for Hagerstown Suns : RHP Brent Wainwright
|
Batting: RHB Brian Burd
|
0-0: Ball 1-0: Called Strike 1-1: Ball 2-1: Fly out, F9 (Flyball, 9, EV 96.3 MPH)
|
Batting: SHB Adam Martin
|
0-0: Ball 1-0: Ball 2-0: Ball 3-0: Base on Balls
|
Batting: RHB Juan Martinez
|
0-0: Foul Ball, location: 2F 0-1: Ball 1-1: Fly out, F9 (Flyball, 9S, EV 79.4 MPH)
|
Batting: SHB Josh Parker
|
0-0: Ball Adam Martin steals 2nd base 1-0: Ball 2-0: Called Strike 2-1: Reached on error, E2 (Groundball, 2L, EV 69.4 MPH) Adam Martin to third
|
Pitching: RHP Steve Barnes
|
|
Batting: RHB Davey Verhoog
|
0-0: Ball 1-0: SINGLE (Groundball, 25, EV 68.8 MPH) (infield hit) Adam Martin scores Josh Parker to second
|
Batting: RHB Mike Maserang
|
0-0: Fly out, F8 (Flyball, 8LD, EV 99.4 MPH)
|
Top of the 10th over - 1 run, 1 hit, 1 error, 2 left on base; Fort Wayne 3 - Hagerstown 2 |
BOTTOM OF THE 10TH |
Hagerstown Suns batting - Pitching for Fort Wayne TinCaps : RHP Arturo Diaz
|
Batting: SHB Kyle Larson
|
0-0: Ball 1-0: Ball 2-0: Ball 3-0: Base on Balls
|
Pinch Hitting: LHB Mike Condon
|
0-0: Bunted foul 0-1: Ball 1-1: Bunt missed! 1-2: Ball 2-2: Ball 3-2: Base on Balls Kyle Larson to second
|
Batting: RHB Pat Drader
|
0-0: Ball 1-0: Foul Ball, location: 2F 1-1: Fielders Choice at 2nd, 4-6 (Groundball, 34, EV 86.9 MPH) Kyle Larson to third
|
Batting: RHB John McNeill
|
0-0: Swinging Strike 0-1: Foul Ball, location: 2F 0-2: Strikes out swinging
|
Batting: RHB Kevin Wick
|
0-0: Ball 1-0: Called Strike 1-1: Ball 2-1: Swinging Strike 2-2: Strikes out swinging
|
Bottom of the 10th over - 0 runs, 0 hits, 0 errors, 2 left on base; Fort Wayne 3 - Hagerstown 2 |
|